 Dungeon Crawl Stone Soup version 0.29-a0-367-gc2b5878c41 (webtiles) character file.

Game seed: 13161839359777454059

81 Ge0ff the Cutter (level 4, 0/35 HPs)
             Began as a Djinni Monk on May 1, 2022.
             Was a Believer of Uskayaw.
             Slain by a goblin
             ... wielding a +0 dagger
             ... led by Robin
              (2 damage)
             ... on level 4 of the Dungeon.
             The game lasted 00:01:59 (831 turns).

Ge0ff the Cutter (Djinni Monk)                       Turns: 831, Time: 00:01:59

Health: 0/35       AC:  2    Str: 10    XL:     4   Next: 67%
Gold:   46         EV: 13    Int: 14    God:    Uskayaw [**....] SH:  0 Dex: 15

rFire   + + .      SeeInvis .   a - +0 short sword (chaos)
rCold   x . .      Faith    .   (no shield)
rNeg    . . .      Spirit   .   b - +0 robe
rPois   ∞          Reflect  .   (no helmet)
rElec   .          Harm     .   (no cloak)
rCorr   .          Rampage  .   (no gloves)
Will    .....                   (boots unavailable)
Stlth   ++........              (no amulet)
HPRegen 0.11/turn               (no ring)
MPRegen 0.00/turn               (no ring)

@: flying
A: sickness immunity, fire resistance 2, cold vulnerability 1, float, innate
caster, HP casting, extra vitality 1
a: Renounce Religion, Stomp, Line Pass


You were on level 4 of the Dungeon.
You worshipped Uskayaw.
Uskayaw was noncommittal.
You visited 1 branch of the dungeon, and saw 4 of its levels.

You collected 46 gold pieces.

Inventory:

Hand Weapons
 a - a +0 short sword of chaos (weapon)
Missiles
 g - a throwing net {=F}
 p - 47 stones (quivered)
Armour
 b - a +0 robe (worn)
Jewellery
 q - a ring of fire
 r - an amulet of regeneration
Potions
 o - a potion of ambrosia


   Skills:
 - Level 3.0 Fighting
 + Level 4.6 Short Blades
 - Level 3.2 Dodging
 - Level 1.5 Stealth


You had 2 spell levels left.
You knew the following spells:

 Your Spells              Type           Power      Damage    Failure   Level
z - Animate Skeleton      Necr           0%         N/A       28%         1
Your spell library was empty.

Dungeon Overview and Level Annotations

Branches:
Dungeon (4/15)
 Temple: D:4-7

Altars:
Uskayaw


Innate Abilities, Weirdness & Mutations

You are immune to sickness and miasma.
You are immune to poison.
Your flesh is very heat resistant. (rF++)
You are vulnerable to cold. (rC-)
You float through the air rather than walking.
You learn spells naturally, not from books.
Your magical power is your life essence.
You have superior vitality. (+4 MHP)


Message History

The hound misses you. The iguana barely misses you.
You hit the iguana. You burn the iguana.
You kill the iguana!
The hound barely misses you. The hound bites you.
Your Short Blades skill increases to level 4!
You have reached level 4!
You feel clever.
You barely miss the hound. The hound misses you.
You hit the hound.
The hound is lightly wounded.
The hound closely misses you.
You can now pass through a line of other dancers.
You hit the hound but do no damage.
The hound is poisoned.
The hound is lightly wounded.
The hound bites you. The hound completely misses you.
You hit the hound. You burn the hound.
The hound is moderately wounded.
The hound bites you.
You hit the hound but do no damage.
The hound appears confused.
The hound is moderately wounded.
The hound barely misses you.
The hound bites itself.
The goblin barely misses you.
You are too injured to fight recklessly!
You are too injured to fight recklessly!
You hit the goblin but do no damage. The goblin hits you with a +0 dagger.
Found a robe.
The hound closely misses you. The goblin hits you but does no damage.
You hit the goblin. You freeze the goblin.
The goblin is heavily wounded.
The goblin hits you but does no damage. The hound bites you.
* * * LOW HITPOINT WARNING * * *
You kill the hound!
The goblin hits you with a +0 dagger.
* * * LOW HITPOINT WARNING * * *
You see here an iguana corpse.
You hit the goblin.
The goblin flickers and vanishes!
Deactivating autopickup; reactivate with Ctrl-A.
Something hits you but does no damage.
You barely miss something.
A goblin comes into view. It is wielding a +0 club.
Something hits you but does no damage.
You closely miss something.
The goblin shouts!
Something hits you but does no damage.
You miss something. You completely miss something. Something hits you.
* * * LOW HITPOINT WARNING * * *
You barely miss something. Something hits you.
You die...

##. ...
###.###
######.......
#............
##@{.....#.
#<†.......[
#.###..##.#
...[ .g..
#.##### ...#
# ... ##


You could see a goblin.

Vanquished Creatures
  A hound (D:4)
  An iguana (D:4)
  2 endoplasms
  4 giant cockroaches (D:1)
  3 goblins
  3 hobgoblins (D:1)
  2 quokkas (D:1)
  6 bats (D:1)
  2 frilled lizards
  A rat (D:1)
25 creatures vanquished.

Vanquished Creatures (others)
  8 plants (D:1)
8 creatures vanquished.

Grand Total: 33 creatures vanquished

Notes
Turn   | Place    | Note
-------+----------+-------------------------------------------
     0 | D:1      | Ge0ff the Djinni Monk began the quest for the Orb.
     0 | D:1      | Reached XP level 1. HP: 20/20 MP: 0/0
   193 | D:1      | Reached skill level 3 in Short Blades
   201 | D:1      | Reached XP level 2. HP: 16/25 MP: 0/0
   639 | D:1      | Reached XP level 3. HP: 26/30 MP: 0/0
   639 | D:1      | Learned a level 1 spell: Animate Skeleton
   704 | D:1      | Found a faded altar of an unknown god.
   712 | D:1      | Prayed at the altar of an unknown god.
   712 | D:1      | Became a worshipper of Uskayaw the Reveller
   712 | D:1      | Reached * piety under Uskayaw
   712 | D:1      | Reached ** piety under Uskayaw
   817 | D:4      | Reached skill level 4 in Short Blades
   817 | D:4      | Reached XP level 4. HP: 16/35 MP: 0/0
   831 | D:4      | Slain by a goblin

Illustrated notes

Levels and vault maps discovered:
D:1:      lemuel_arrival_muddy, layout_basic,
          dilly_ecumenical_altar_fadedgnrine, moated_statue
D:2:      layout_basic, serial_shops, shop, nicolae_shop_behind_doors, shop
D:3:      layout_basic, amcnicky_mini_corridor_feature
D:4:      due_chaos_kobolds, layout_basic, uniq_natasha, uniq_robin,
          uniq_duvessa

Skill      XL: |  1  2  3 |
---------------+----------+-----
Short Blades   | 3 4 |  4.6
Fighting       | |  3.0
Dodging        | |  3.2
Stealth        | |  1.5

Action                   |  1- 3 |  4- 6 || total
-------------------------+-------+-------++-------
Melee: Short sword       |    78 |    13 ||    91
  Use: Potion            |     1 |       ||     1
       Scroll            |     3 |       ||     3
 Stab: Sleeping          |     5 |       ||     5
Armor: Robe              |    18 |     5 ||    23
Dodge: Dodged            |    55 |     6 ||    61

Table legend: (Time is in decaauts)
 A = Elapsed time spent in this place.
 B = Non-inter-level travel time spent in this place.
 C = Inter-level travel time spent in this place.
 D = Time resting spent in this place.
 E = Time spent auto-exploring this place.
 F = Levels seen in this place.
 G = Mean time per level.
                   A        B        C        D        E       F      G
               +--------+--------+--------+--------+--------+-----+--------+
         Total |    823 |    764 |     59 |      0 |    503 |   4 |  205.8 |
       Dungeon |    823 |    764 |     59 |      0 |    503 |   4 |  205.8 |
               +--------+--------+--------+--------+--------+-----+--------+

Top non-repeatable levels by time:
     D:1: 753 daAuts
     D:2: 35 daAuts
     D:4: 21 daAuts
     D:3: 13 daAuts
